Map: Abyssal Reef LE

Players

JagrsMullets - Winner!

  • Race: Protoss Protoss
  • Spawn Location: 5:00

A.I. 1 (Harder)

  • Race: Protoss Protoss
  • Spawn Location: 11:00

VOD

Have the link to the VOD?

Description

Time

  • Played on: Dec. 20, 2017, 3:51 p.m.
  • Length: 18:13
Show
View Real Time Build Order
Export as new Build Order

JagrsMullets Protoss - Winner!

Build Orders:  

Get SALT Encoding   

  12  0:03  Probe (Chrono Boost)  
  13  0:13  Probe (Chrono Boost)  
  14  0:27  Pylon  
  14  0:30  Probe  
  15  0:45  Probe  
  16  0:55  Forge  
  16  0:57  Probe  
  16  1:00  Assimilator  
  17  1:09  Probe (Chrono Boost)  
  18  1:13  Pylon  
  18  1:17  Pylon  
  18  1:21  Probe (Chrono Boost)  
  19  1:30  Probe (Chrono Boost)  
  20  1:34  Gateway  
  20  1:35  Probe  
  21  1:41  Assimilator  
  21  1:53  Photon Cannon  
  21  2:02  Photon Cannon  
  21  2:14  Photon Cannon  
  21  2:26  Photon Cannon  
  21  2:32  Photon Cannon  
  21  2:43  Photon Cannon  
  21  2:53  Photon Cannon  
  21  3:01  Photon Cannon  
  21  3:12  Photon Cannon  
  21  3:15  Probe (Chrono Boost)  
  22  3:25  Probe (Chrono Boost)  
  23  3:40  Cybernetics Core  
  23  3:42  Pylon  
  23  4:07  Pylon  
  23  4:15  Nexus  
  23  4:19  Assimilator  
  23  4:22  Assimilator  
  23  4:27  Probe (Chrono Boost)  
  24  4:40  Probe (Chrono Boost)  
  25  4:48  Probe (Chrono Boost), Pylon  
  26  4:54  Probe (Chrono Boost)  
  26  4:55  Pylon  
  27  5:06  Probe (Chrono Boost)  
  28  5:13  Probe (Chrono Boost)  
  29  5:19  Stargate  
  29  5:20  Probe  
  30  5:28  Stargate  
  30  5:32  Probe  
  31  5:44  Probe (Chrono Boost)  
  33  5:52  Probe (Chrono Boost)  
  33  5:54  Probe (Chrono Boost)  
  34  6:00  Probe (Chrono Boost)  
  34  6:02  Probe (Chrono Boost)  
  36  6:04  Probe (Chrono Boost)  
  36  6:10  Probe  
  38  6:16  Probe  
  39  6:22  Probe  
  40  6:28  Probe  
  41  6:34  Probe  
  42  6:40  Probe  
  42  6:42  Fleet Beacon  
  43  6:50  Robotics Facility  
  43  6:52  Probe (Chrono Boost)  
  45  7:02  Probe (Chrono Boost)  
  45  7:03  Probe (Chrono Boost)  
  46  7:10  Probe (Chrono Boost)  
  46  7:11  Probe (Chrono Boost)  
  46  7:15  Probe (Chrono Boost)  
  48  7:18  Probe  
  50  7:26  Probe  
  51  7:30  Probe  
  52  7:38  Probe  
  52  7:39  Nexus  
  52  7:41  Assimilator  
  52  7:43  Probe  
  54  7:46  Assimilator  
  54  7:52  Pylon  
  54  7:57  Pylon  
  54  8:00  Pylon  
  54  8:19  Stargate  
  54  8:21  Stargate  
  54  8:24  Stargate  
  54  8:25  Stargate  
  54  8:27  Stargate  
  54  8:28  Graviton Catapult  
  54  8:30  Stargate, Protoss Shields Level 1  
  54  8:31  Protoss Air Weapons Level 1  
  54  8:33  Stargate  
  54  8:34  Observer  
  54  8:35  Stargate  
  55  8:44  Pylon  
  55  8:50  Robotics Bay  
  55  8:56  Robotics Facility  
  55  9:05  Robotics Facility  
  55  9:21  Carrier x2  
  67  9:44  Probe x2 (Chrono Boost)  
  70  9:45  Probe (Chrono Boost)  
  70  9:55  Probe x2 (Chrono Boost)  
  70  9:56  Probe (Chrono Boost)  
  70  9:58  Photon Cannon  
  73  10:00  Probe x3 (Chrono Boost)  
  73  10:03  Photon Cannon  
  73  10:04  Photon Cannon  
  73  10:06  Photon Cannon  
  76  10:09  Photon Cannon  
  76  10:10  Probe x2  
  78  10:18  Photon Cannon  
  78  10:26  Protoss Air Armor Level 1  
  78  10:28  Mothership  
  86  10:32  Carrier x2  
  98  10:38  Carrier  
  104  10:53  Colossus  
  110  11:34  Carrier x2  
  110  11:35  Carrier  
  128  11:50  Pylon  
  128  11:58  Pylon  
  128  12:00  Pylon  
  128  12:03  Pylon  
  128  12:05  Pylon  
  128  12:07  Pylon  
  128  12:13  Pylon  
  128  12:14  Colossus x2  
  140  12:15  Pylon  
  140  12:16  Colossus  
  146  12:30  Nexus  
  146  12:34  Assimilator  
  146  12:37  Assimilator  
  146  13:07  Colossus  
  146  13:08  Colossus  
  146  13:09  Colossus  
  146  13:11  Twilight Council  
  164  14:03  Colossus  
  164  14:04  Colossus x2  
  164  14:07  Extended Thermal Lance  
  182  14:13  Carrier  
  188  14:17  Carrier  
  194  14:32  Protoss Air Weapons Level 2  
  194  14:36  Protoss Shields Level 2  
  194  14:57  Colossus  
  200  15:47  Observer Gravitic Boosters  
Show
View Real Time Build Order
Export as new Build Order

A.I. 1 (Harder) Protoss 

Build Orders:  

Get SALT Encoding   

  12  0:00  Probe  
  13  0:13  Probe  
  14  0:19  Pylon  
  14  0:25  Probe  
  15  0:37  Probe  
  15  0:39  Gateway  
  16  0:47  Assimilator  
  16  0:49  Probe  
  17  1:01  Probe, Pylon  
  18  1:13  Probe  
  19  1:26  Probe  
  19  1:27  Zealot  
  19  1:29  Cybernetics Core  
  22  1:44  Gateway  
  22  1:49  Assimilator  
  22  2:03  Pylon  
  22  2:07  Adept  
  24  2:25  Warp Gate  
  24  2:34  Stalker  
  26  2:37  Zealot  
  28  2:44  Pylon  
  28  3:04  Adept  
  30  3:07  Adept  
  32  3:20  Pylon  
  32  3:31  Adept  
  34  3:34  Adept  
  34  3:38  Probe  
  37  3:50  Probe  
  38  3:58  Stalker  
  38  4:00  Forge  
  38  4:02  Adept  
  42  4:03  Probe  
  43  4:10  Pylon  
  43  4:19  Probe  
  44  4:31  Probe  
  44  4:36  Zealot  
  44  4:37  Stalker  
  49  4:43  Probe  
  50  4:56  Adept  
  52  5:04  Adept  
  54  5:45  Protoss Ground Weapons Level 1, Sentry  
  54  5:47  Gateway  
  56  5:51  Pylon  
  56  5:53  Photon Cannon, Zealot  
  44  6:07  Robotics Facility  
  44  6:08  Sentry  
  46  6:16  Zealot  
  47  6:30  Photon Cannon  
  47  6:31  Stalker  
  47  6:34  Probe  
  47  6:39  Zealot  
  46  6:46  Stalker, Probe  
  49  6:52  Stargate  
  49  6:54  Stalker, Observer  
  49  6:58  Probe  
  45  7:02  Zealot  
  47  7:10  Zealot, Probe  
  46  7:15  Observer  
  46  7:18  Stalker  
  46  7:22  Probe  
  40  7:26  Stalker  
  39  7:34  Sentry, Probe  
  42  7:40  Protoss Ground Armor Level 1  
  42  7:42  Zealot  
  41  7:50  Stalker  
  43  7:57  Stalker  
  36  8:05  Sentry  
  36  8:10  Probe  
  38  8:13  Adept  
  33  8:21  Zealot  
  33  8:22  Probe  
  35  8:29  Zealot  
  35  8:34  Probe  
  35  8:37  Zealot  
  35  8:45  Sentry  
  35  8:46  Probe  
  38  8:52  Adept  
  38  9:00  Zealot  
  34  9:26  Nexus  
  28  9:34  Zealot  
  29  9:43  Zealot  
  31  10:05  Robotics Bay  
  29  10:35  Stalker  
  31  10:39  Probe  
  31  10:40  Probe  
  26  10:52  Probe x2  
  26  10:53  Disruptor  
  27  11:04  Probe  
  26  11:13  Probe  
  26  11:21  Probe  
  26  11:30  Probe  
  27  11:38  Probe  
  27  11:45  Probe  
  28  11:50  Probe  
  28  11:59  Probe  
  29  12:04  Probe  
  30  12:11  Probe  
  30  12:16  Probe  
  28  12:23  Probe  
  29  12:34  Stalker  
  31  13:15  Nexus  
  31  13:17  Probe  
  32  13:21  Probe  
  33  13:29  Probe  
  33  13:33  Probe  
  36  13:41  Probe  
  36  13:46  Probe  
  37  13:53  Probe  
  38  13:56  Warp Prism  
  40  14:04  Stalker  
  40  14:07  Probe  
  44  14:10  Probe  
  44  14:19  Probe  
  44  14:22  Probe  
  46  14:27  Probe  
  46  14:31  Probe  
  39  14:41  Stalker  
  35  14:50  Stalker  
  32  14:59  Stalker  
  33  15:06  Stalker  
  33  15:14  Stalker  
  31  15:22  Stalker  
  30  15:29  Stalker  
  29  15:37  Stalker  
  28  15:46  Stalker  
  28  15:52  Stalker  
  27  16:00  Stalker  
  6  17:13  Probe  
  6  17:25  Probe  
  7  17:37  Probe  
  8  17:53  Nexus  
  8  17:57  Pylon  
Tags
 
Matchup
PvP
Spawn Locations
Cross Positions
Add a new tag
Caveats
  • Supply blocks, unpowered buildings, or Contaminate may cause inaccurate times.
  • Supply counts are checked every 10 seconds.